 Dungeon Crawl Stone Soup version 0.31-a0-1529-g7bd419a0e5 (webtiles) character file.

Game seed: 951967644472599132

151053 Pooter the Severer (level 17, -3/158 HPs)
             Began as a Minotaur Berserker on Dec 30, 2023.
             Was an Elder of Trog.
             Shot with an arrow by a deep elf archer (13 damage)
             ... on level 1 of the Elven Halls on Dec 31, 2023.
             The game lasted 03:06:57 (45098 turns).

Pooter the Severer (Minotaur Berserker)            Turns: 45098, Time: 03:06:58

Health: -3/158     AC: 21    Str: 32    XL:     17   Next: 0%
Magic:  0/16       EV:  9    Int:  6    God:    Trog [****..]
Gold:   448        SH:  0    Dex: 21    Spells: 16/16 levels left

rFire   + + +        b - +8 longbow "Zephyr" {speed, Dex+3 SInv}
rCold   x . .        (shield currently unavailable)
rNeg    . . .        C - +0 plate armour of Ignis's Favour {rElec rF+++ Int-5 Dex-2}
rPois   .            (helmet restricted)
rElec   +            T - scarf {harm}
rCorr   .            q - +2 pair of gloves {Dex+3}
SInv    +            M - +2 pair of boots "Hyrroig" {Str+5}
Will    +++..        G - amulet of guardian spirit Stlth
                     J - +6 ring of dexterity
HPRegen 1.46/turn    c - ring "Comoack" {Fire rElec Int+5 SInv}
MPRegen 0.15/turn

%: harm (+30% outgoing, +20% incoming), guardian spirit
@: strong-willed, regenerating
A: horns 2, retaliatory headbutt
a: Renounce Religion, Berserk, Trog's Hand, Brothers in Arms


You were on level 1 of the Elven Halls.
You worshipped Trog.
Trog was greatly pleased with you.
You visited 4 branches of the dungeon, and saw 23 of its levels.
You also visited: Sewer, Bailey, Gauntlet, Ice Cave and Volcano.

You collected 2213 gold pieces.
You spent 1765 gold pieces at shops.

Inventory:

Hand Weapons
 a - the +9 battleaxe of Dawn {flame, +Blink}
   (Trog gifted it to you on level 13 of the Dungeon)

   +Blink:    It lets you blink.
 b - the +8 longbow "Zephyr" (weapon) {speed, Dex+3 SInv}
   (You acquired it on level 12 of the Dungeon)

   Dex+3:     It affects your dexterity (+3).
   SInv:      It lets you see invisible.
 I - a +4 battleaxe of draining
   (You took it off an orc warlord in a bailey)
 R - the +8 battleaxe of the Genius {venom, rN+ Stlth+}
   (You acquired it in a bailey)

   rN+:       It protects you from negative energy.
   Stlth+:    It makes you more stealthy.
Missiles
 e - 2 atropa-tipped darts
 g - 3 silver javelins
 r - 4 throwing nets {!f}
 A - 39 boomerangs
 B - 6 curare-tipped darts
 K - 2 javelins
Armour
 k - a +4 crystal plate armour of cold resistance
   (You found it in an ice cave)
 q - a +2 pair of gloves of dexterity (worn)
   (You found it in a volcano)
 C - the +0 plate armour of Ignis's Favour (worn) {rElec rF+++ Int-5 Dex-2}
   (You bought it in a shop on level 2 of the Orcish Mines)

   Int-5:     It affects your intelligence (-5).
   Dex-2:     It affects your dexterity (-2).
   rF+++:     It renders you almost immune to fire.
   rElec:     It insulates you from electricity.
 M - the +2 pair of boots "Hyrroig" (worn) {Str+5}
   (You found it on level 1 of the Lair of Beasts)

   Str+5:     It affects your strength (+5).
 S - a +2 cloak of fire resistance
   (You found it in a volcano)
 T - a scarf of harm (worn)
   (You found it in a Gauntlet)
Jewellery
 c - the ring "Comoack" (right hand) {Fire rElec Int+5 SInv}
   (You found it on level 9 of the Dungeon)

   [ring of fire]

   Fire:      It enhances your fire magic.
   Int+5:     It affects your intelligence (+5).
   rF+:       It protects you from fire.
   rC-:       It makes you vulnerable to cold.
   rElec:     It insulates you from electricity.
   SInv:      It lets you see invisible.
 p - a +6 ring of intelligence
   (You found it on level 9 of the Dungeon)
 y - an amulet of reflection
   (You found it on level 6 of the Dungeon)
 F - a +6 ring of strength
   (You found it on level 10 of the Dungeon)
 G - an amulet of guardian spirit (around neck)
   (You took it off a kobold on level 8 of the Dungeon)
 J - a +6 ring of dexterity (left hand)
   (You found it in a bailey)
 N - a ring of positive energy
   (You found it on level 3 of the Dungeon)
 P - a ring of poison resistance
   (You bought it in a shop on level 11 of the Dungeon)
 Z - the ring "Tiokk" {+Blink Fly rN+}
   (You found it in a Gauntlet)

   [ring of flight]

   rN+:       It protects you from negative energy.
   Fly:       It grants you flight.
   +Blink:    It lets you blink.
Wands
 d - a wand of iceblast (11)
   (You found it on level 7 of the Dungeon)
 f - a wand of flame (24)
   (You found it on level 3 of the Lair of Beasts)
 u - a wand of paralysis (22)
   (You found it on level 10 of the Dungeon)
 D - a wand of digging (9)
   (You found it on level 8 of the Dungeon)
 H - a wand of quicksilver (2)
   (You found it on level 12 of the Dungeon)
 V - a wand of polymorph (6)
   (You found it on level 2 of the Lair of Beasts)
 W - a wand of mindburst (14)
   (You found it on level 5 of the Lair of Beasts)
Scrolls
 i - 5 scrolls of identify {@r1}
 m - 5 scrolls of fog
 o - a scroll of noise {!r}
 t - 11 scrolls of teleportation {@r4}
 v - 2 scrolls of silence
 L - a scroll of immolation {!r}
 O - 3 scrolls of revelation
 X - a scroll of poison {!r}
 Y - 2 scrolls of summoning
Potions
 j - 5 potions of heal wounds {@q2}
 n - 9 potions of curing {@q1}
 s - 4 potions of cancellation
 w - 8 potions of haste {@q3}
 x - 3 potions of resistance
 z - 4 potions of might
 E - 5 potions of mutation {!q}
 Q - 7 potions of enlightenment
 U - 6 potions of attraction {!q}
Miscellaneous
 l - a condenser vane (inert)
   (You found it in a Gauntlet)


   Skills:
 + Level 16.1 Fighting
 * Level 20.7(21.0) Axes
 - Level 6.8(15.1) Maces & Flails
 * Level 19.7 Ranged Weapons
 + Level 10.7 Armour
 - Level 2.1 Dodging
 + Level 7.6 Evocations


You had 16 spell levels left.
You didn't know any spells.
Your spell library was empty.

Dungeon Overview and Level Annotations

Branches:
Dungeon (15/15) Zot: 24376  Temple (0/1) D:4            Lair (5/5) D:8 Zot: 19702
  Swamp (0/4) Lair:3        Snake (0/4) Lair:2        Slime (0/5) Lair:5
    Orc (2/2) D:9 Zot: 4268     Elf (1/3) Orc:2 Zot: 3676  Vaults (0/5) D:13
 Depths (0/4) D:15          Sewer (visited)          Bailey (visited)
  IceCv (visited)         Volcano (visited)         Gauntlet (visited)

Altars:
Cheibriados
Elyvilon
Fedhas
Hepliaklqana
Kikubaaqudgha
Okawaru
Xom
Yredelemnul
Jiyva

Shops:
D:11 =*(([   Orc:2 :([*   Elf:1 !

Annotations:
Orc:2 3 runed translucent doors, drugrobin's ghost, journeyman DgDe


Innate Abilities, Weirdness & Mutations

You have a pair of horns on your head.
You reflexively headbutt those who attack you in melee.


Message History

The deep elf archer shoots an arrow.
The arrow misses you.
You shoot an arrow.
The arrow hits the deep elf zephyrmancer!!
You kill the deep elf zephyrmancer!
Trog accepts your kill.
Trog appreciates your killing of a magic user.
You have reached level 17!
You shoot an arrow. The arrow hits the deep elf archer.
The deep elf master archer wields a +0 longbow.
The deep elf master archer shoots an arrow.
The arrow hits you!!
* * * LOW HITPOINT WARNING * * *
You are too injured to fight recklessly!
You are too injured to fight recklessly!
Fire: b) +8 longbow "Zephyr" {speed, Dex+3 SInv}
Press: ? - help, Q - select action, (/) - cycle Shift-Dir - straight line, f/p - deep elf archer
Aim: a deep elf archer, wielding a +0 shortbow and wearing a +0 leather armour (lightly wounded, repelling missiles, 40% to hit)
You shoot an arrow.
The arrow barely misses the deep elf archer.
The deep elf archer shoots an arrow.
The arrow hits you!!
* * * LOW MAGIC WARNING * * *
* * * LOW HITPOINT WARNING * * *
The deep elf master archer shoots an arrow.
The arrow hits you!
* * * LOW MAGIC WARNING * * *
* * * LOW HITPOINT WARNING * * *
Fire: b) +8 longbow "Zephyr" {speed, Dex+3 SInv}
Press: ? - help, Q - select action, (/) - cycle Shift-Dir - straight line, f/p - deep elf archer
Aim: a deep elf archer, wielding a +0 shortbow and wearing a +0 leather armour (lightly wounded, repelling missiles, 40% to hit)
You shoot an arrow. The arrow hits the deep elf archer!!
The deep elf archer shoots an arrow.
The arrow hits you!
* * * LOW MAGIC WARNING * * *
* * * LOW HITPOINT WARNING * * *
The deep elf master archer shoots an arrow.
The arrow hits you.
* * * LOW MAGIC WARNING * * *
* * * LOW HITPOINT WARNING * * *
Unknown command.
Unknown command.
Blink to where?
Press: ? - help, Dir - move target, p - deep elf archer
As you read the scroll of blinking, it crumbles to dust.
The deep elf zephyrmancer casts a spell at you.
The bolt of lightning hits you! You resist.
* * * LOW MAGIC WARNING * * *
* * * LOW HITPOINT WARNING * * *
The deep elf archer shoots an arrow.
The arrow hits you but does no damage.
The deep elf archer shoots an arrow.
The arrow hits you!
* * * LOW MAGIC WARNING * * *
You die...

###.## #...).....##.#
#....# ######....##.#
#.#.####..###.##.##.#
#.#.###....##)......#
#.#..#......#.##.####
#.#..#..§...#....#
#.#..##.§§e##.##.#
#....# #§.##.....#
####.###e@§''.##.# #
####.'$..'....# ### #
#.'#)e''.### ##.###
###.''?[#).# ##.#.##
#....'..§)§# ##.###.#
#.##.''§e§##
##.#...#. #.....##§.#
#.##...##
#.##.##.§§.#
##.#...#.
#....#..§... ##.###..


You could see a deep elf master archer, 2 deep elf archers and a deep elf
zephyrmancer.

Vanquished Creatures
  Jorgrun (Orc:1)
  Kirke (Lair:3)
  A frost giant (IceCv)
  2 orc warlords
  A deep elf sorcerer (Elf:1)
  A quicksilver ooze (Gauntlet)
  The ghost of epsilonplus the Destroyer, a journeyman DEAl of Vehumet (Lair:5)
  A white draconian (IceCv)
  A deep elf death mage (Elf:1)
  A red draconian (Volcano)
  Azrael (Orc:2)
  A deep elf annihilator (Elf:1)
  A minotaur (Gauntlet)
  A fire dragon (Lair:5)
  A great orb of eyes (D:15)
  2 ice dragons
  2 rakshasas (D:15)
  Josephine (Lair:5)
  Harold (Orc:1)
  3 ogre magi
  Fannar (Lair:2)
  A catoblepas (Lair:4)
  7 hydras
  3 centaur warriors
  7 boulder beetles
  6 ironbound frosthearts (IceCv)
  19 two-headed ogres
  5 dancing weapons (Elf:1)
  6 death yaks (Lair:5)
  2 tengu warriors (D:13)
  6 deep elf knights (Elf:1)
  3 orc high priests
  A fire crab (Lair:5)
  2 skysharks
  An orange crystal statue (IceCv)
  6 deep elf archers (Elf:1)
  5 orc knights
  An arcanist (D:15)
  22 ugly things
  6 orc sorcerers
  13 deep elf pyromancers
  3 necromancers (D:13)
  8 deep elf zephyrmancers (Elf:1)
  An oklob plant (Lair:3)
  A manticore (D:13)
  A moth of wrath (Gauntlet)
  5 cyclopes
  3 meliai (D:15)
  16 elephants
  6 black mambas
  10 slime creatures
  3 molten gargoyles
  2 ice statues (D:14)
  2 kobold blastminers (Orc:1)
  A rust devil (D:11)
  A smoke demon (D:11)
  A gargoyle (D:12)
  3 cane toads
  2 torpor snails
  2 unseen horror zombies (D:9)
  3 orange demons (D:11)
  23 rime drakes
  5 kobold demonologists (D:13)
  17 komodo dragons
  8 trolls
  A queen bee (shapeshifter) (D:13)
  A hellwing (D:11)
  A hornet (D:11)
  A tyrant leech (Lair:3)
  15 polar bears
  4 blink frogs (Lair:3)
  3 dream sheep (Lair:1)
  4 shadows
  A snapping turtle (shapeshifter) (D:15)
  A ynoxinul (D:11)
  A vampire (D:13)
  10 wyverns
  36 yaks
  3 fire bats (Volcano)
  A hog (Lair:3)
  A water elemental (Elf:1)
  6 wraiths
  A human (shapeshifter) (D:14)
  5 steam dragons
  4 basilisks
  The ghost of Yliedgh the Sneak, an amateur FoDe of Vehumet (D:12)
  4 fire elementals
  4 wargs
  4 chaos spawn
  3 redbacks (Gauntlet)
  Grum (D:10)
  7 vampire mosquitoes
  An acid dragon (D:12)
  13 water moccasins
  3 nagas (Lair:2)
  3 swamp worms
  7 hell hounds
  An ice beast (D:8)
  A black bear (Lair:2)
  2 laughing skulls (D:15)
  A sky beast (D:7)
  42 orc warriors
  13 wolves
  13 centaurs
  15 ogres
  6 kobold brigands
  11 bullfrogs
  6 scorpions
  2 earth elementals (Elf:1)
  10 wights (D:8)
  4 electric eels (Lair:1)
  4 howler monkeys (D:9)
  3 bombardier beetles
  6 quasits (D:11)
  10 lava snakes
  A hound (D:6)
  A jelly (D:8)
  17 orc priests
  3 sleepcaps
  2 iguanas
  23 orc wizards
  A gnoll (Bailey)
  A howler monkey skeleton (D:9)
  11 adders
  A river rat (Sewer)
  7 ribbon worms
  A shadow imp (D:5)
  A howler monkey simulacrum (D:9)
  2 white imps (Lair:4)
  2 ufetubi (D:7)
  4 dart slugs
  71 orcs
  7 endoplasms
  2 giant cockroaches
  7 goblins
  7 hobgoblins
  9 jackals
  41 kobolds
  3 quokkas
  9 ball pythons
  4 bats
  6 frilled lizards
  14 rats
  A spectral hobgoblin (D:15)
835 creatures vanquished.

Vanquished Creatures (collateral kills)
  An orc warlord (Bailey)
1 creature vanquished.

Vanquished Creatures (others)
  2 humans (Lair:3)
  A bullfrog (Lair:3)
  A centaur zombie (D:9)
  A butterfly (D:15)
5 creatures vanquished.

Grand Total: 841 creatures vanquished

Notes
Turn   | Place    | Note
-------+----------+-------------------------------------------
     0 | D:1      | Pooter the Minotaur Berserker began the quest for the Orb.
     0 | D:1      | Reached XP level 1. HP: 19/19 MP: 0/0
   234 | D:1      | Reached skill level 4 in Axes
   234 | D:1      | Reached XP level 2. HP: 20/27 MP: 1/1
   266 | D:1      | Reached skill level 1 in Ranged Weapons
   333 | D:1      | You fall into a shaft and drop 1 floor!
   431 | D:2      | Reached XP level 3. HP: 33/33 MP: 2/2
   558 | D:2      | Reached ** piety under Trog
  1246 | D:2      | Found a basalt altar of Yredelemnul.
  1572 | D:3      | Found an iron altar of Okawaru.
  1575 | D:3      | Reached XP level 4. HP: 40/40 MP: 3/3
  1749 | D:3      | Reached skill level 5 in Axes
  1992 | D:3      | Reached XP level 5. HP: 47/47 MP: 4/4
  2057 | D:4      | Noticed an ogre
  2081 | D:4      | Killed an ogre
  2208 | D:4      | Reached XP level 6. HP: 55/55 MP: 5/5
  2210 | D:4      | Reached skill level 6 in Axes
  2215 | D:4      | Reached skill level 5 in Fighting
  2349 | D:4      | Reached *** piety under Trog
  2606 | D:4      | Found a staircase to the Ecumenical Temple.
  2740 | D:5      | Entered Level 5 of the Dungeon
  2835 | D:5      | Reached XP level 7. HP: 58/61 MP: 6/6
  2848 | D:5      | Reached skill level 5 in Ranged Weapons
  3167 | D:5      | Reached skill level 7 in Axes
  3182 | D:5      | Found a glowing drain.
  3212 | Sewer    | Entered a sewer
  4340 | D:6      | Reached **** piety under Trog
  4437 | D:6      | Reached skill level 1 in Maces & Flails
  4437 | D:6      | Reached XP level 8. HP: 70/70 MP: 7/7
  4605 | D:6      | Found an ancient bone altar of Kikubaaqudgha.
  5053 | D:6      | Found a snail-covered altar of Cheibriados.
  5293 | D:7      | Found a flagged portal.
  5438 | Bailey   | Entered a bailey
  5439 | Bailey   | Upgraded the game from 0.31-a0-1499-ge0622b2318 to
                  | 0.31-a0-1522-g43313d8a59
  6276 | Bailey   | Noticed an orc warlord
  6346 | Bailey   | Found a runed translucent gate.
  6353 | Bailey   | Found a runed translucent gate.
  6354 | Bailey   | Found a runed translucent gate.
  6365 | Bailey   | Reached skill level 5 in Maces & Flails
  6375 | Bailey   | Reached XP level 9. HP: 26/79 MP: 8/8
  6580 | Bailey   | Killed an orc warlord
  6604 | Bailey   | Acquired the +8 battleaxe of the Genius {venom, rN+ Stlth+}
  6836 | D:7      | Reached skill level 8 in Axes
  7870 | D:8      | Noticed a two-headed ogre
  7875 | D:8      | Killed a two-headed ogre
  7876 | D:8      | Reached skill level 9 in Axes
  7876 | D:8      | Reached XP level 10. HP: 52/90 MP: 9/9
  8151 | D:8      | Reached skill level 10 in Ranged Weapons
  8675 | D:8      | Found a staircase to the Lair.
  8698 | D:8      | Reached skill level 10 in Axes
  9545 | D:9      | Found a blossoming altar of Fedhas.
  9887 | D:9      | Reached skill level 11 in Axes
 10016 | D:9      | Identified the ring "Comoack" {Fire rElec Int+5 SInv}
 10044 | D:9      | Noticed a two-headed ogre
 10051 | D:9      | Killed a two-headed ogre
 10115 | D:9      | Reached XP level 11. HP: 88/99 MP: 10/10
 10381 | D:9      | Found a staircase to the Orcish Mines.
 10386 | Orc:1    | Entered Level 1 of the Orcish Mines
 10394 | Orc:1    | Reached skill level 10 in Fighting
 10403 | Orc:1    | Reached ***** piety under Trog
 10791 | Orc:1    | Noticed an orc knight
 10807 | Orc:1    | Killed an orc knight
 10816 | Orc:1    | Reached skill level 12 in Axes
 10929 | Orc:1    | Noticed Harold
 10942 | Orc:1    | Killed Harold
 10942 | Orc:1    | Received a gift from Trog
 11197 | Orc:2    | Entered Level 2 of the Orcish Mines
 11202 | Orc:2    | Noticed Azrael
 11328 | Orc:2    | Noticed a two-headed ogre
 11334 | Orc:2    | Killed Azrael
 11339 | Orc:2    | Killed a two-headed ogre
 11342 | Orc:2    | Reached skill level 13 in Axes
 11472 | Orc:2    | Noticed Jorgrun
 11484 | Orc:1    | Killed Jorgrun
 11661 | Orc:2    | Noticed an orc high priest
 11867 | Orc:2    | Found a runed translucent gate.
 11868 | Orc:2    | Found a runed translucent gate.
 11868 | Orc:2    | Noticed a centaur warrior
 11874 | Orc:2    | Noticed an orc knight
 11875 | Orc:2    | Noticed drugrobin's ghost (journeyman DgDe)
 11948 | Orc:2    | Noticed an orc sorcerer
 11954 | Orc:2    | Paralysed by an orc sorcerer for 4 turns
 11958 | Orc:2    | Killed an orc sorcerer
 11959 | Orc:2    | Reached XP level 12. HP: 79/107 MP: 11/11
 12067 | Orc:2    | Killed an orc high priest
 12647 | Orc:2    | Noticed a two-headed ogre
 12670 | Orc:2    | Killed a two-headed ogre
 12671 | Orc:2    | Reached skill level 14 in Axes
 13465 | Orc:2    | Paralysed by an orc sorcerer for 3 turns
 13473 | Orc:2    | Noticed an ogre mage
 13481 | Orc:2    | Noticed a two-headed ogre
 13482 | Orc:2    | Noticed a two-headed ogre
 13495 | Orc:1    | Killed a two-headed ogre
 13580 | Orc:2    | Noticed a two-headed ogre
 13585 | Orc:1    | Killed a two-headed ogre
 13632 | Orc:2    | Noticed a two-headed ogre
 13639 | Orc:1    | Killed a two-headed ogre
 13699 | Orc:1    | Killed a two-headed ogre
 13776 | Orc:2    | Killed an ogre mage
 14399 | Orc:2    | Noticed an orc warlord
 14421 | Orc:2    | Killed an orc warlord
 15011 | Orc:2    | Reached skill level 15 in Axes
 16346 | Orc:2    | Found a staircase to the Elven Halls.
 16785 | Orc:2    | Found Wethriupt's Antique Armour Shop.
 16802 | Orc:2    | Found Sofour's Book Shop.
 16817 | Orc:2    | Found Poymuah's Antique Weapon Shop.
 16834 | Orc:2    | Found Negileot's General Store.
 16841 | Orc:2    | Bought a scroll of identify for 34 gold pieces
 16919 | Orc:2    | Identified the +0 quick blade "Dihid" {freeze, MP+9 Str+4}
 16920 | Orc:2    | Found a runed translucent gate.
 16920 | Orc:2    | Identified the +6 chain mail of Kixzy {rPois Dex+4}
 16922 | Orc:2    | Noticed a merfolk javelineer
 16922 | Orc:2    | Noticed a merfolk javelineer
 17803 | Orc:2    | Found an iron altar of Okawaru.
 17838 | Orc:2    | Bought an encrusted plate armour for 700 gold pieces
 17838 | Orc:2    | Identified the +0 plate armour of Ignis's Favour {rElec
                  | rF+++ Int-5 Dex-2} (You bought it in a shop on level 2 of
                  | the Orcish Mines)
 17992 | D:9      | Reached skill level 15 in Ranged Weapons
 18140 | D:10     | Entered Level 10 of the Dungeon
 18557 | D:10     | Noticed Grum
 18567 | D:10     | Killed Grum
 18835 | D:10     | Found a shimmering altar of Xom.
 18835 | D:10     | Found the +7 mace of Variability {chaos, chaos arc}
 19484 | Lair:1   | Entered Level 1 of the Lair of Beasts
 19489 | Lair:1   | Reached XP level 13. HP: 103/119 MP: 12/12
 19920 | Lair:1   | Identified the +2 pair of boots "Hyrroig" {Str+5}
 21250 | Lair:2   | Reached skill level 16 in Axes
 21548 | Lair:2   | Identified the +3 flail "Zuangyom" {speed, rElec rN+ Str-5}
 21571 | Lair:2   | Noticed Fannar
 21588 | Lair:2   | Killed Fannar
 21790 | Lair:2   | Reached skill level 1 in Evocations
 21950 | Lair:2   | Found a staircase to the Snake Pit.
 22213 | Lair:3   | Noticed Kirke
 22614 | Lair:3   | Killed Kirke
 25058 | Lair:3   | Found a staircase to the Swamp.
 25242 | Lair:4   | Found a dark tunnel.
 25259 | Volcano  | Entered a volcano
 25395 | Volcano  | Reached skill level 5 in Armour
 25415 | Volcano  | Found a radiant altar of Vehumet.
 25419 | Volcano  | Reached skill level 17 in Axes
 25419 | Volcano  | Reached XP level 14. HP: 129/129 MP: 11/13
 26078 | Lair:4   | Found a hazy altar of Hepliaklqana.
 26879 | Lair:5   | Entered Level 5 of the Lair of Beasts
 26879 | Lair:5   | Noticed Josephine
 26881 | Lair:5   | Killed Josephine
 27669 | Lair:5   | Found a runed translucent door.
 28781 | Lair:5   | Found a large runed translucent door.
 28781 | Lair:5   | Found a large runed translucent door.
 29130 | Lair:5   | Reached skill level 18 in Axes
 29346 | Lair:5   | Found a viscous altar of Jiyva.
 29346 | Lair:5   | Found a staircase to the Slime Pits.
 29678 | Lair:5   | Noticed epsilonplus's ghost (journeyman DEAl)
 29717 | Lair:5   | Killed epsilonplus's ghost
 29935 | Lair:5   | Identified the +0 scale mail of Bad Feelings {rCorr Str-5
                  | Dex+6}
 30087 | D:11     | Found a gate leading to a gauntlet.
 30092 | Gauntlet | Entered a Gauntlet
 30092 | Gauntlet | Found a transporter.
 30099 | Gauntlet | Found a transporter.
 30099 | Gauntlet | Noticed a quicksilver ooze
 30100 | Gauntlet | Found a transporter.
 30113 | Gauntlet | Found a transporter.
 30116 | Gauntlet | Killed a quicksilver ooze
 30118 | Gauntlet | Found a large runed translucent door.
 30118 | Gauntlet | Found a large runed translucent door.
 30119 | Gauntlet | Found a large runed translucent door.
 30119 | Gauntlet | Found a large runed translucent door.
 30121 | Gauntlet | Identified the ring "Tiokk" {+Blink Fly rN+}
 30124 | Gauntlet | Found a runed translucent door.
 30124 | Gauntlet | Found a runed translucent door.
 30124 | Gauntlet | Found a large runed translucent door.
 30124 | Gauntlet | Found a large runed translucent door.
 30124 | Gauntlet | Found a large runed translucent door.
 30124 | Gauntlet | Found a large runed translucent door.
 30124 | Gauntlet | Found a large runed translucent door.
 30124 | Gauntlet | Found a large runed translucent door.
 30125 | Gauntlet | Found a large runed translucent door.
 30125 | Gauntlet | Found a large runed translucent door.
 30126 | Gauntlet | Found a large runed translucent door.
 30126 | Gauntlet | Found a large runed translucent door.
 30126 | Gauntlet | Found a large runed translucent door.
 30126 | Gauntlet | Found a large runed translucent door.
 30428 | Gauntlet | Found a runed translucent gate.
 30428 | Gauntlet | Found a runed translucent gate.
 30428 | Gauntlet | Found a runed translucent gate.
 30435 | Gauntlet | Found a transporter.
 30450 | Gauntlet | Reached XP level 15. HP: 139/139 MP: 14/14
 30535 | Gauntlet | Identified the +1 dire flail of Gozag's Envy {pain, +Blink
                  | Fly rPois rN+}
 30541 | Gauntlet | Reached skill level 5 in Evocations
 30611 | D:11     | Upgraded the game from 0.31-a0-1522-g43313d8a59 to
                  | 0.31-a0-1529-g7bd419a0e5
 31160 | D:11     | Paralysed by a hornet for 3 turns
 32519 | D:11     | Found Nesow's Antique Armour Boutique.
 32735 | D:11     | Found Manesek's Assorted Antiques.
 32761 | D:11     | Found Vanyus's Antique Weapon Shop.
 32789 | D:11     | Found Zewaf's Jewellery Emporium.
 32793 | D:11     | Bought a ring of poison resistance for 300 gold pieces
 32819 | D:11     | Found Cosk's Antique Weapon Boutique.
 33663 | D:12     | Found a runed translucent door.
 33664 | D:12     | Noticed Yliedgh's ghost (amateur FoDe)
 34242 | D:12     | Killed Yliedgh's ghost
 34290 | D:12     | Acquired the +8 longbow "Zephyr" {speed, Dex+3 SInv}
 34290 | D:12     | Found the +8 longbow "Zephyr" {speed, Dex+3 SInv}
 34320 | D:13     | Identified the +0 robe of the Wheelwright {Int+3}
 34528 | D:13     | Found a gate to the Vaults.
 35754 | D:13     | Reached skill level 19 in Axes
 35770 | D:13     | Identified the +9 battleaxe of Dawn {flame, +Blink} (Trog
                  | gifted it to you on level 13 of the Dungeon)
 35770 | D:13     | Received a gift from Trog
 35932 | D:14     | Found a frozen archway.
 35970 | IceCv    | Entered an ice cave
 36060 | IceCv    | Reached skill level 15 in Fighting
 37841 | IceCv    | Reached XP level 16. HP: 144/149 MP: 15/15
 40056 | D:15     | Entered Level 15 of the Dungeon
 40448 | D:15     | Found a staircase to the Depths.
 40742 | D:15     | Received a gift from Trog
 40743 | D:15     | Reached skill level 20 in Axes
 41279 | D:15     | Reached skill level 10 in Armour
 41911 | D:15     | Found a hazy altar of Hepliaklqana.
 42220 | D:15     | Found a white marble altar of Elyvilon.
 42726 | Elf:1    | Entered Level 1 of the Elven Halls
 44194 | Elf:1    | Found Jaloret's Distillery.
 44199 | Elf:1    | Bought a potion of curing for 51 gold pieces
 44199 | Elf:1    | Bought a potion of enlightenment for 85 gold pieces
 44199 | Elf:1    | Bought a potion of enlightenment for 85 gold pieces
 44199 | Elf:1    | Bought a potion of haste for 170 gold pieces
 44199 | Elf:1    | Bought a potion of haste for 170 gold pieces
 44199 | Elf:1    | Bought 2 potions of heal wounds for 170 gold pieces
 44505 | Elf:1    | Found a huge runed translucent gate.
 44506 | Elf:1    | Found a huge runed translucent gate.
 44507 | Elf:1    | Found a huge runed translucent gate.
 44507 | Elf:1    | Found a huge runed translucent gate.
 44508 | Elf:1    | Found a huge runed translucent gate.
 44509 | Elf:1    | Found a huge runed translucent gate.
 44509 | Elf:1    | Found a huge runed translucent gate.
 44509 | Elf:1    | Found a huge runed translucent gate.
 44509 | Elf:1    | Found a huge runed translucent gate.
 44510 | Elf:1    | Found a huge runed translucent gate.
 44510 | Elf:1    | Found a huge runed translucent gate.
 44510 | Elf:1    | Found a huge runed translucent gate.
 44510 | Elf:1    | Found a huge runed translucent gate.
 44510 | Elf:1    | Found a huge runed translucent gate.
 44510 | Elf:1    | Found a huge runed translucent gate.
 44510 | Elf:1    | Found a huge runed translucent gate.
 44510 | Elf:1    | Found a huge runed translucent gate.
 44511 | Elf:1    | Found a huge runed translucent gate.
 44511 | Elf:1    | Found a huge runed translucent gate.
 44511 | Elf:1    | Found a huge runed translucent gate.
 44514 | Elf:1    | Noticed a deep elf master archer
 45095 | Elf:1    | Reached XP level 17. HP: 112/158 MP: 12/16
 45098 | Elf:1    | Shot with an arrow by a deep elf archer

Illustrated notes

Levels and vault maps discovered:
D:1:      heliophobic_arrival_dark_side_of_the_moon, layout_basic
D:2:      layout_rooms, basic_altar
D:3:      layout_basic, marbit_many_paths
D:4:      layout_cave_pools, lemuel_temple_firewalk_b
D:5:      layout_basic, cheibrodos_sewer_entry_bend, nicolae_the_louvre
D:6:      layout_loops_ring, mainiacjoe_overflow_small_starburst,
          cheibrodos_worm_habitat
D:7:      layout_layer_cave, enter_bailey_8, kennysheep_opposing_triangles
D:8:      layout_basic, minmay_lair_entry_grove
D:9:      layout_loops_corners, fedhas_altar_4, orc_0_dummy,
          hangedman_weighted_door
D:10:     layout_basic, minmay_guarded_unrand_variability, uniq_grum
D:11:     layout_basic, gauntlet_entry_generic, serial_demonic,
          serial_demonic_f, serial_demonic_d, serial_demonic_f,
          serial_demonic_e, serial_demonic_g, serial_demonic_f,
          serial_demonic_a, serial_demonic_f, serial_shops, shop, shop, shop,
          nicolae_shop_gaudy_bauble, kennysheep_little_box
D:12:     layout_basic, ebering_ghost_inner_flame
D:13:     layout_roguey, david_vaults_1, special_room [special_room_orc]
D:14:     layout_long_grid, serial_park_gazebo [serial_park_minivault_5x5_4],
          portal_ice_cave_entry_ice_statue_two
D:15:     gammafunk_enter_depths_forms, layout_basic,
          nicolae_elyvilon_peaceful_grove, hangedman_glass_teeth,
          nicolae_hepliaklqana_monster_ancestors
Lair:1:   layout_concentric_octagons, serial_bayou_lake_a,
          infiniplex_staircase_pool
Lair:2:   layout_gridlike, minmay_snake_entry_guardpost_small, st_stairs_6,
          serial_bayou_crossing, uniq_fannar
Lair:3:   layout_regular_city, palyth_hydra_swamp_entry, serial_bayou_shore_b,
          uniq_kirke
Lair:4:   layout_gridlike, enter_volcano_2, basic_altar, bobbens_ice_dragon_lair
Lair:5:   cheibrodos_lair_end_hotspot, layout_misc_corridors,
          dpeg_slime_entry_enclosed, ebering_ghost_reflecting_pool,
          chequers_serial_rivers_micro_a, uniq_josephine
Orc:1:    layout_caves, uniq_harold
Orc:2:    grunt_orc_cross, layout_caves, gammafunk_ghost_fury_of_okawaru,
          uniq_jorgrun, uniq_azrael
Elf:1:    nicolae_elf_arrival_no_cutting_in_line, layout_loops_cross,
          serial_shops, shop, hangedman_elf_represent,
          hangedman_elf_simple_split, nicolae_letterblocks
          [nicolae_letter_subblock, nicolae_letter_subblock,
          nicolae_letter_subblock, nicolae_letter_subblock,
          nicolae_letter_subblock, nicolae_letter_subblock,
          nicolae_letter_subblock, nicolae_letter_subblock,
          nicolae_letter_subblock, nicolae_letter_subblock,
          nicolae_letter_subblock, nicolae_letter_subblock,
          nicolae_letter_subblock, nicolae_letter_subblock,
          nicolae_letter_subblock, nicolae_letter_subblock,
          nicolae_letter_subblock, nicolae_letter_subblock,
          nicolae_letter_subblock, nicolae_letter_subblock,
          nicolae_letter_subblock, nicolae_letter_subblock,
          nicolae_letter_subblock, nicolae_letter_subblock,
          nicolae_letter_subblock]

Skill      XL: |  1  2  3  4  5  6  7  8  9 10 11 12 13 14 15 16 |
---------------+-------------------------------------------------+-----
Axes           | 4 5 6 7 9 11 13 15 17 18 19 20 | 20.7
Ranged Weapons | 1 2 3 4 6 8 9 11 13 15 16 17 18 19 | 19.7
Fighting       | 4 5 6 7 8 9 11 12 13 14 15 16 | 16.1
Maces & Flails | 1 5 6 |  6.8
Evocations     | 3 4 6 7 |  7.6
Armour         | 5 7 9 10 | 10.7
Dodging        | |  2.1

Action                     |  1- 3 |  4- 6 |  7- 9 | 10-12 | 13-15 | 16-18 || total
---------------------------+-------+-------+-------+-------+-------+-------++-------
  Melee: Hand axe          |    77 |    57 |       |       |       |       ||   134
         Punch             |     1 |       |     1 |       |       |       ||     2
         Headbutt          |    10 |    15 |    16 |    43 |   125 |    26 ||   235
         Trident           |       |    46 |    87 |       |       |       ||   133
         Morningstar       |       |       |    47 |       |       |       ||    47
         Battleaxe         |       |       |    16 |   122 |    72 |   155 ||   365
         Executioner's axe |       |       |       |   154 |   438 |       ||   592
   Fire: Sling             |    38 |    19 |       |       |       |       ||    57
         Arbalest          |       |       |    96 |   250 |   298 |       ||   644
         Longbow           |       |       |       |       |   167 |   203 ||   370
  Throw: Dart              |       |     6 |     3 |       |     6 |       ||    15
         Boomerang         |       |       |       |     2 |       |     5 ||     7
         Javelin           |       |       |       |       |     2 |     2 ||     4
 Invoke: Berserk           |     2 |     3 |     3 |    15 |    16 |     4 ||    43
         Trog's Hand       |       |     1 |     3 |     9 |    31 |    12 ||    56
         Brothers in Arms  |       |       |     1 |       |       |       ||     1
  Evoke: Wand              |       |       |       |       |     8 |     6 ||    14
         Condenser vane    |       |       |       |       |     1 |     1 ||     2
    Use: Scroll            |       |    10 |     1 |    12 |    17 |     6 ||    46
         Potion            |       |       |       |       |     8 |       ||     8
   Stab: Petrified         |       |       |       |       |     4 |       ||     4
         Petrifying        |       |       |       |       |     1 |       ||     1
 Armour: Ring mail         |    39 |       |       |       |       |       ||    39
         Plate armour      |    23 |    81 |   182 |   338 |   343 |   101 ||  1068
         Chain mail        |       |       |       |       |   262 |       ||   262
         Skin              |       |       |       |       |    12 |       ||    12
         Crystal plate arm |       |       |       |       |     5 |    90 ||    95
  Dodge: Dodged            |    53 |    28 |    65 |    94 |   261 |    56 ||   557
  Block: Other             |       |       |    15 |    57 |    24 |       ||    96
         Reflection        |       |       |     2 |     4 |       |       ||     6

Table legend: (Time is in decaauts)
 A = Elapsed time spent in this place.
 B = Non-inter-level travel time spent in this place.
 C = Inter-level travel time spent in this place.
 D = Time resting spent in this place.
 E = Time spent auto-exploring this place.
 F = Levels seen in this place.
 G = Mean time per level.
                   A        B        C        D        E       F      G
               +--------+--------+--------+--------+--------+-----+--------+
         Total |  45834 |  44732 |   1102 |  23000 |  15169 |  28 | 1636.9 |
       Dungeon |  20068 |  19409 |    659 |   7757 |   8835 |  15 | 1337.9 |
          Lair |  10298 |  10022 |    276 |   5166 |   3537 |   5 | 2059.6 |
  Orcish Mines |   7731 |   7565 |    166 |   5790 |    605 |   2 | 3865.5 |
   Elven Halls |   2322 |   2322 |      0 |    906 |   1128 |   1 | 2322.0 |
         Sewer |    959 |    959 |      0 |    481 |    300 |   1 |  959.0 |
        Bailey |   1392 |   1392 |      0 |   1018 |     94 |   1 | 1392.0 |
      Ice Cave |   2092 |   2092 |      0 |   1398 |    435 |   1 | 2092.0 |
       Volcano |    434 |    434 |      0 |     70 |    211 |   1 |  434.0 |
      Gauntlet |    536 |    536 |      0 |    411 |     23 |   1 |  536.0 |
               +--------+--------+--------+--------+--------+-----+--------+

Top non-repeatable levels by time:
   Orc:2: 5846 daAuts
  Lair:5: 3096 daAuts
  Lair:3: 2935 daAuts
    D:11: 2805 daAuts
    D:15: 2455 daAuts
   Elf:1: 2322 daAuts
   IceCv: 2092 daAuts
    D:13: 1985 daAuts
   Orc:1: 1884 daAuts
  Lair:1: 1823 daAuts
     D:8: 1730 daAuts
    D:14: 1691 daAuts
     D:7: 1438 daAuts
  Lair:4: 1394 daAuts
  Bailey: 1392 daAuts
